AoeStats
← Dustin

Arabia

505267492Analyzed
1v1 RM · 23d ago on Sep 8, 2026· 60m 15s· 2 players
Game mode
Random Map
Map size
Tiny (2 player)
Population
200
Speed
Normal
Resources
Standard
Victory
Conquest
Starting age
Dark Age
Ending age
Imperial Age
RankedLock teamsTeams togetherTeam positionsShared explorationLock speedFull tech treeHidden civsTurbo modeCheats
Victory
Defeat
1635
+17
🇩🇪 Chinese · Germany
1665
-17
GdR_Scranton Strangler
6:02 Loom
8:30 Feudal Age
9:33 Double-Bit Axe
10:50 Town Watch
14:11 Horse Collar
21:12 Castle Age
20:05 Bloodlines
19:54 Gold Mining
20:43 Fletching
21:54 Bow Saw
24:11 Wheelbarrow
23:56 Bodkin Arrow
24:56 Husbandry
27:52 Padded Archer Armor
31:03 Ballistics
34:28 Leather Archer Armor
34:19 Thumb Ring
38:08 Imperial Age
36:02 Hand Cart
36:30 Scale Barding Armor
37:04 Light Cavalry
38:43 Chain Barding Armor
40:59 Conscription
41:28 Plate Barding Armor
42:13 Chemistry
42:00 Forging
44:53 Elite Skirmisher
46:06 Ring Archer Armor
47:56 Iron Casting
47:49 Heavy Plow
50:05 Blast Furnace
49:05 Hussar
52:40 Cavalier
52:40 Heavy Camel Rider
57:34 Capped Ram
58:12 Savar
Dustin
0:40 Loom
9:41 Feudal Age
10:17 Double-Bit Axe
10:57 Horse Collar
19:53 Castle Age
18:55 Forging
19:55 Fletching
21:00 Wheelbarrow
20:21 Elite Skirmisher
20:58 Bodkin Arrow
20:41 Light Cavalry
26:54 Padded Archer Armor
27:54 Scale Mail Armor
33:59 Ballistics
38:06 Masonry
37:52 Town Watch
44:42 Imperial Age
44:44 Chain Mail Armor
45:05 Iron Casting
44:56 Elite Chu Ko Nu
46:02 Crossbowman
46:49 Thumb Ring
46:46 Bracer
47:49 Chemistry
47:06 Arbalester
48:15 Hand Cart
48:32 Bloodlines
48:22 Husbandry
48:32 Scale Barding Armor
49:40 Chain Barding Armor
49:36 Leather Archer Armor
52:21 Blast Furnace
60:03 Guard Tower
59:59 Arrowslits
Connection lost

Rejoining the realm…

Still unreachable

The connection could not be restored.

Session expired

The server has moved on; the page needs a fresh start.